 Dungeon Crawl Stone Soup version 0.31.0-11-ge490571c62 (webtiles) character file.

Game seed: 9617101826059711498

335715 Esekla the Eclecticist (level 21, -26/168 (171) HPs)
             Began as a Barachi Necromancer on Jan 26, 2024.
             Was the Champion of Vehumet.
             Killed from afar by Margery (50 damage)
             ... with a fireball
             ... on level 2 of the Crypt.
             The game lasted 08:16:13 (51069 turns).

Esekla the Eclecticist (Barachi Necromancer)       Turns: 51069, Time: 08:16:14

HP:   -26/168 (171) AC: 24    Str: 10    XL:     21   Next: 87%
MP:   37/44         EV: 15    Int: 25    God:    Vehumet [******]
Gold: 1911          SH: 14    Dex: 14    Spells: 4/59 levels left

rFire   . . .        a - +9 long sword of Neoqatit {protect, rPois rC+}
rCold   + . .        o - +3 warlock's mirror {omnireflect}
rNeg    + . .        O - +3 troll leather armour {Snorg}
rPois   +            y - +1 helmet
rElec   .            N - +2 cloak {Stlth+}
rCorr   .            J - +2 pair of gloves of Zocwat {rN+ Regen+ Stlth+}
SInv    +            l - +0 pair of boots
Will    +....        Y - amulet of Gempur {RegenMP SInv}
Stlth   +++++        p - +4 ring of slaying
HPRegen 2.08/turn    U - +4 ring of protection
MPRegen 0.69/turn

%: reflection
@: fugue, very slightly contaminated, lightly drained, slow
A: amphibious, slowness 1, strong legs 2, +LOS, large bone plates 1, wild magic
1, no potion heal 1
}: 2/15 runes: barnacled, gossamer
a: Hop, Renounce Religion


You were on level 2 of the Crypt.
You worshipped Vehumet.
Vehumet was exalted by your worship.
You visited 8 branches of the dungeon, and saw 37 of its levels.
You also visited: Ice Cave.

You collected 4355 gold pieces.
You spent 2444 gold pieces at shops.

Inventory:

Hand Weapons
 a - the +9 long sword of Neoqatit (weapon) {protect, rPois rC+}
   (You found it on level 4 of the Shoals)

   rC+:       It protects you from cold.
   rPois:     It protects you from poison
 f - a +2 scimitar of flaming
 r - a +4 demon trident of freezing
 s - a +3 dagger of electrocution
 v - a +6 dagger of venom
 x - a +5 vampiric scimitar
Missiles
 j - 57 boomerangs (quivered)
 D - 8 curare-tipped darts
 G - 66 poisoned darts
 H - 6 silver javelins
Armour
 i - a +1 cloak of cold resistance
 l - a +0 pair of boots (worn)
 o - the +3 warlock's mirror (worn) {omnireflect}
   (You acquired it on level 1 of the Vaults)

   Omnireflect: It can block and reflect piercing ranged attacks and magical
   attacks against the wielder's willpower.
 y - a +1 helmet (worn)
 B - the +1 scale mail "Kiasinwe" {rC+ Will+ Slay+3}
   (You found it on level 10 of the Dungeon)

   Slay+3:    It affects your accuracy & damage with ranged weapons and melee
   (+3).
   rC+:       It protects you from cold.
   Will+:     It increases your willpower.
 I - a +1 ring mail of fire resistance
 J - the +2 pair of gloves of Zocwat (worn) {rN+ Regen+ Stlth+}
   (You found it on level 2 of the Shoals)

   rN+:       It protects you from negative energy.
   Regen+:    It increases your rate of health regeneration.
   Stlth+:    It makes you more stealthy.
 N - a +2 cloak of stealth (worn)
 O - a +3 troll leather armour (worn) {Snorg}
Jewellery
 p - a +4 ring of slaying (left hand)
 t - the ring of Springtime {Fly rElec rPois rC-}
   (You found it on level 4 of the Dungeon)

   [ring of flight]

   rC-:       It makes you vulnerable to cold.
   rElec:     It insulates you from electricity.
   rPois:     It protects you from poison Fly: It grants you flight.
 w - a ring of fire
 K - an amulet of reflection
 T - a +6 ring of intelligence
 U - a +4 ring of protection (right hand)
 Y - the amulet of Gempur (around neck) {RegenMP SInv}
   (You bought it in a shop on level 2 of the Orcish Mines)

   [amulet of magic regeneration]

   RegenMP:   It increases your rate of magic regeneration.
   SInv:      It lets you see invisible.
Wands
 e - a wand of digging (6)
 u - a wand of acid (24)
 C - a wand of flame (63)
 E - a wand of mindburst (35)
 L - a wand of paralysis (17)
 M - a wand of roots (35)
Scrolls
 d - 15 scrolls of teleportation
 h - 3 scrolls of poison
 k - 9 scrolls of fear
 n - 6 scrolls of blinking
 Q - a scroll of enchant armour
 R - a scroll of amnesia
 V - 8 scrolls of revelation
 X - 8 scrolls of fog
 Z - a scroll of silence
Potions
 b - 3 potions of magic
 c - 7 potions of ambrosia
 g - 4 potions of attraction
 m - 6 potions of heal wounds
 q - 7 potions of curing
 z - 3 potions of brilliance
 A - a potion of might
 F - 4 potions of enlightenment
 P - a potion of invisibility
 S - 3 potions of haste
 W - 4 potions of resistance


   Skills:
 * Level 16.2 Fighting
 + Level 4.5(9.4) Short Blades
 - Level 13.8(14.1) Long Blades
 + Level 0.2 Polearms
 + Level 3.5 Throwing
 + Level 15.9 Armour
 + Level 9.8 Dodging
 + Level 6.9 Stealth
 + Level 11.3 Shields
 * Level 19.6 Spellcasting
 + Level 11.3 Conjurations
 - Level 3.1 Summonings
 * Level 8.6 Necromancy
 + Level 7.1 Fire Magic
 + Level 13.0 Ice Magic
 + Level 5.4 Air Magic
 * Level 10.5 Earth Magic
 + Level 10.0 Alchemy
 + Level 0.2 Evocations


You had 4 spell levels left.
You knew the following spells:

 Your Spells              Type           Power      Damage    Failure   Level
a - Ozocubu's Armour      Ice            86%        N/A       1%          3
b - Necrotise             Necr           100%       1d9       1%          1
c - Mephitic Cloud        Conj/Alch/Air  74%        N/A       1%          3
d - Vampiric Draining     Necr           73%        2d11      1%          3
g - Ozocubu's Refrigerat  Ice            43%        4d17      4%          7
i - Irradiate             Conj/Alch      39%        3d24      1%          5
k - Airstrike             Air            30%        2d(5-21)  1%          4
l - Lee's Rapid Deconstr  Erth           39%        3d19*     1%          5
n - Ignite Poison         Fire/Alch      73%        N/A       1%          4
u - Dispel Undead         Necr           73%        3d24      1%          4
w - Fugue of the Fallen   Necr           73%        N/A       1%          3
x - Olgreb's Toxic Radia  Alch           77%        N/A       1%          4
y - Sticky Flame          Fire/Alch      73%        2d12      1%          4
z - Freezing Cloud        Conj/Ice/Air   38%        6-21      1%          5

Your spell library contained the following spells:

 Spells                   Type           Power      Damage    Failure   Level
 Lehudib's Crystal Spear  Conj/Erth      40%        10d10     52%         8
 Fire Storm               Conj/Fire      37%        8d10      100%        9
 Shatter                  Erth           39%        3d31*     100%        9
 Foxfire                  Conj/Fire      100%       2x1d9     1%          1
 Sandblast                Erth           100%       2d20      1%          1
 Sting                    Conj/Alch      100%       1d9       1%          1
 Cigotuvi's Dreadful Rot  Necr/Alch/Air  100%       N/A       1%          2
 Ensorcelled Hibernation  Hex/Ice        100%       N/A       1%          2
 Mercury Vapours          Alch/Air       100%       N/A       1%          2
 Scorch                   Fire           100%       2d9       1%          2
 Searing Ray              Conj           100%       2d8       1%          2
 Static Discharge         Conj/Air       100%       3-8/arc   1%          2
 Frozen Ramparts          Ice            100%       1d16      1%          3
 Inner Flame              Hex/Fire       53%        N/A       1%          3
 Passwall                 Erth           79%        N/A       1%          3
 Stone Arrow              Conj/Erth      100%       3d13      1%          3
 Summon Ice Beast         Ice/Summ       71%        N/A       1%          3
 Swiftness                Air            61%        N/A       1%          3
 Animate Dead             Necr           73%        N/A       1%          4
 Brom's Barrelling Bould  Conj/Erth      80%        2d9       1%          4
 Flame Wave               Conj/Fire      75%        2d17      1%          4
 Animate Armour           Summ/Erth      100%       N/A       3%          4
 Martyr's Knell           Necr/Summ      63%        N/A       4%          4
 Lesser Beckoning         Tloc           62%        N/A       7%          2
 Anguish                  Hex/Necr       28%        N/A       8%          4
 Summon Lightning Spire   Summ/Air       56%        N/A       8%          4
 Gell's Gravitas          Tloc           31%        N/A       13%         3
 Teleport Other           Tloc           31%        N/A       13%         3
 Fireball                 Conj/Fire      37%        3d15      1%          5
 Iskenderun's Battlesphe  Conj           81%        2d13      1%          5
 Alistair's Intoxication  Alch           51%        N/A       2%          5
 Bombard                  Conj/Erth      40%        9d7       2%          6
 Borgnjor's Vile Clutch   Necr/Erth      38%        N/A       3%          5
 Eringya's Noxious Bog    Alch           38%        4d6       3%          6
 Curse of Agony           Necr           73%        N/A       4%          5
 Starburst                Conj/Fire      37%        6d11      4%          6
 Conjure Ball Lightning   Conj/Air       36%        3x3d12    5%          6
 Sculpt Simulacrum        Ice/Alch       41%        N/A       6%          6
 Metabolic Englaciation   Hex/Ice        32%        N/A       9%          5
 Orb of Destruction       Conj           40%        9d11      9%          7
 Plasma Beam              Fire/Air       32%        2x1d45    12%         6
 Death Channel            Necr           36%        N/A       19%         6
 Spellforged Servitor     Conj/Summ      34%        N/A       36%         7
 Summon Mana Viper        Hex/Summ       41%        N/A       47%         5
 Summon Cactus Giant      Summ           25%        N/A       83%         6
 Ignition                 Fire           33%        3d10      94%         8
 Polar Vortex             Ice            43%        12d5*     97%         9
 Dispersal                Tloc           15%        N/A       99%         6
 Malign Gateway           Summ/Tloc      20%        N/A       100%        7
 Monstrous Menagerie      Summ           25%        N/A       100%        7
 Borgnjor's Revivificati  Necr           36%        N/A       100%        8
 Discord                  Hex            15%        N/A       100%        8
 Summon Horrible Things   Summ           25%        N/A       100%        8
 Death's Door             Necr           36%        N/A       100%        9


Dungeon Overview and Level Annotations

Branches:
Dungeon (15/15)            Temple (1/1) D:6            Lair (5/5) D:8
 Shoals (4/4) Lair:3       Spider (4/4) Lair:3        Slime (0/5) Lair:4
    Orc (2/2) D:10            Elf (0/3) Orc:2        Vaults (4/5) D:13
  Crypt (2/3) Vaults:3     Depths (0/4) D:15          IceCv (visited)

Altars:
Ashenzari
Cheibriados
Dithmenos
Elyvilon
Fedhas
Gozag
Hepliaklqana
Kikubaaqudgha
Makhleb
Nemelex Xobeh
Okawaru
Qazlal
Ru
Sif Muna
Trog
Uskayaw
Vehumet
Wu Jian
Xom
Yredelemnul
Zin
The Shining One

Shops:
D:8 (   D:15 =   Orc:2 !=?(   Vaults:1 :

Annotations:
D:15 dig 4 treasure, exclusion: statue
Spider:4 3 runed translucent doors, jestert79's ghost, adept DsMo
Vaults:1 2 runed translucent doors, Synox's ghost, legendary FoFi
Crypt:2 Margery


Innate Abilities, Weirdness & Mutations

You are amphibious.
You cover ground slowly.
You can hop long distances.
You have an extended range of vision and can be seen from far away.
You are partially covered in large bone plates. (SH +4)
Your spells are a little harder to cast, but a little more powerful.
Potions are less effective at restoring your health.


Message History

Margery burns!
The deep elf death mage simulacrum burns!
The hell knight's soul is no longer bound.
The hell knight is engulfed in noxious fumes.
You block Margery's attack. The searing wretch claws you!!
You are engulfed in flames!!
* * * LOW HITPOINT WARNING * * *
The searing wretch bites you but does no damage.
You block the deep elf death mage simulacrum's attack.
The hell knight is engulfed in noxious fumes.
The heat melts your icy armour.
Blink to where?
Press: ? - help, Dir - move target, p - deep elf death mage simulacrum Your icy armour cracks and falls away as you move.
As you read the scroll of blinking, it crumbles to dust.
Margery burns!
Margery shakes off the sticky flame as it moves.
Vehumet accepts your kill.
You feel your power returning.
You feel a bit more experienced.
The wailing of tortured souls fills the air!
The wailing of tortured souls fills the air!
The wailing of tortured souls fills the air!
Margery casts a spell at you.
Your +3 warlock's mirror {omnireflect} blocks the bolt of fire... and reflects it back!
The bolt of fire hits Margery!!!
Margery points at you and mumbles some strange words.
The fireball explodes!
The fireball engulfs you!!!
* * * LOW HITPOINT WARNING * * *
Casting: Sticky Flame (mildly dangerous; 1% risk of failure)
Confirm with . or Enter, or press ? or * to list all spells.
Aiming: Mephitic Cloud (safe; 1% risk of failure)
Press: ? - help, Shift-Dir - straight line The ball explodes into a vile cloud!
The stinking cloud engulfs Margery.
Margery is almost dead.
The stinking cloud engulfs the searing wretch.
The searing wretch is severely damaged.
Margery is engulfed in noxious fumes.
Margery gestures at you while chanting.
The fireball explodes!
The fireball engulfs you!!!
You die...

#######################
......................
##########..####......
#........+..# #..####
#........#..# #@.#
###'######..# #..#
.......[....# #..#
...........?# #..#
............# #§.#
.##########.####§§#######
.# #....@n§...^... .#
#.............. ..# [#
#...#########.....#


You could see Margery (poisoned) and a searing wretch.

Vanquished Creatures
  Saint Roka (Crypt:2)
  Arachne (Spider:1)
  Norris (Vaults:2)
  Jorgrun (Shoals:3)
  Mlioglotl (Lair:3)
  A kraken (Shoals:4)
  3 revenants
  Kirke (Lair:4)
  A frost giant (Shoals:4)
  The ghost of rutigerpupkin the Earth Mage, an adept GrEE of Vehumet (Shoals:2)
  A fire giant (D:14)
  4 emperor scorpions
  9 vault wardens
  A ghost moth (Spider:4)
  3 orc warlords
  3 ghouls (Crypt:1)
  19 ironbound preservers
  2 formless jellyfish
  8 ironbound thunderhulks
  A caustic shrike skeleton (Crypt:2)
  6 broodmothers
  2 vampire knights (Crypt:1)
  5 deep elf death magi
  A war gargoyle (Vaults:3)
  19 dire elephants
  A spark wasp (Spider:3)
  Snorg (D:10)
  2 ettins
  4 jiangshi
  Josephine (D:10)
  9 merfolk impalers
  3 eidola
  3 spriggan zombies (Crypt:1)
  7 yaktaur captains
  8 entropy weavers
  3 merfolk javelineers
  Harold (Lair:2)
  7 vault guards
  6 great orbs of eyes
  2 ice dragons (D:15)
  7 hydras
  A catoblepas (Lair:3)
  2 merfolk avatars
  6 boulder beetles
  A jorogumo (Spider:1)
  4 ironbound frosthearts
  An alligator snapping turtle (Shoals:2)
  2 ogre magi (Vaults:1)
  3 radroaches
  3 merfolk aquamancers (Shoals:4)
  5 death knights
  A peacekeeper (Vaults:3)
  8 centaur warriors
  8 two-headed ogres
  2 death yaks (Lair:3)
  A satyr (Shoals:4)
  3 vampire magi
  2 tengu warriors
  3 demonic crawlers (Spider:3)
  7 orc high priests
  A titan zombie (Crypt:2)
  3 soul eaters
  7 skysharks
  2 hell knights (Crypt:2)
  4 pharaoh ants
  A skyshark (shapeshifter) (Vaults:3)
  Lodul (D:13)
  2 shadow wraiths (Crypt:2)
  2 goliath frogs
  8 skeletal warriors (Crypt:1)
  14 sea snakes
  10 orb spiders
  A flayed ghost (Crypt:1)
  9 lindwurms
  A sea snake (shapeshifter) (Vaults:3)
  2 bog bodies (IceCv)
  14 orc knights
  3 phantasmal warriors (Crypt:1)
  23 harpies
  A bunyip skeleton (Crypt:1)
  58 deep trolls
  17 ironbound convokers
  6 arcanists
  7 necromancers
  A goliath frog zombie (Crypt:2)
  12 manticores
  6 deep elf pyromancers
  5 deep elf zephyrmancers (Orc:1)
  12 wolf spiders
  19 ugly things
  5 steelbarb worms
  10 cyclopes
  Maurice (D:10)
  8 fauns
  3 moths of wrath
  An orc sorcerer (Crypt:2)
  An iron dragon skeleton (Crypt:2)
  2 centaur zombies (Crypt:1)
  4 meliai
  9 merfolk sirens
  10 elephants
  Joseph (D:7)
  4 black mambas
  A human skeleton (Vaults:1)
  A dire elephant zombie (Crypt:2)
  An ice statue (IceCv)
  A kobold blastminer (Orc:2)
  4 water nymphs (Shoals:1)
  5 torpor snails
  2 shock serpent skeletons
  A gargoyle (D:12)
  3 kobold demonologists (D:13)
  2 dire elephant skeletons
  11 vault sentinels
  24 cane toads
  A green draconian zombie (Crypt:1)
  10 komodo dragons
  25 yaktaurs
  An anaconda simulacrum (IceCv)
  2 efreet
  An unseen horror (D:9)
  5 rime drakes
  7 freezing wraiths
  A tengu conjurer (D:13)
  An unseen horror skeleton (Crypt:2)
  2 great orb of eyes zombies
  27 merfolk
  A grey draconian skeleton (Crypt:1)
  2 yaktaur skeletons (Vaults:1)
  8 trolls
  A queen bee (Spider:2)
  2 tyrant leeches
  3 polar bears
  35 tarantellas
  6 wind drakes
  A wolf spider simulacrum (D:15)
  5 hornets
  15 blink frogs
  An ettin zombie (Crypt:1)
  A harpy skeleton (Crypt:1)
  10 dream sheep
  14 snapping turtles
  5 centaur simulacra
  17 slime creatures
  17 culicivoras
  27 jumping spiders
  8 water elementals
  3 shadows
  5 fire bats (Lair:4)
  13 wraiths
  A fire elemental (Lair:4)
  A black mamba skeleton (Crypt:1)
  5 wyverns
  2 hogs (Lair:4)
  2 humans (Lair:4)
  65 yaks
  3 dire elephant simulacra (IceCv)
  A warg (D:10)
  A basilisk (Lair:4)
  2 steam dragons
  52 redbacks
  4 harpy simulacra (IceCv)
  2 death yak simulacra (IceCv)
  Menkaure (D:6)
  An ogre zombie (Vaults:1)
  14 vampire mosquitoes
  An acid dragon (D:11)
  A two-headed ogre zombie (Crypt:1)
  19 water moccasins
  A deep troll skeleton (Crypt:1)
  A hydra simulacrum (IceCv)
  38 orc warriors
  3 sky beasts (D:14)
  4 laughing skulls (Crypt:1)
  A black bear (D:6)
  A black mamba simulacrum (Crypt:1)
  2 ice beasts
  18 wolves
  11 centaurs
  16 ogres
  A snapping turtle skeleton (Crypt:1)
  12 boggarts
  A phantom (D:7)
  12 kobold brigands
  A human zombie (Vaults:1)
  14 bullfrogs
  2 gnoll sergeants
  9 two-headed ogre simulacra (IceCv)
  A cane toad simulacrum (IceCv)
  A scorpion (shapeshifter) (D:14)
  2 scorpions
  4 wights (D:8)
  An elephant simulacrum (IceCv)
  A swamp dragon simulacrum (Crypt:2)
  25 killer bees
  3 electric eels
  3 howler monkeys
  2 bombardier beetles
  3 lava snakes (Lair:4)
  4 hounds
  5 jellies (Lair:4)
  2 gnoll boudas
  32 orc priests
  A sleepcap (D:7)
  3 iguanas
  21 orc wizards
  A polar bear simulacrum (IceCv)
  7 hell rats
  5 spriggan simulacra
  3 troll simulacra (IceCv)
  A wolf simulacrum (IceCv)
  An acid dragon skeleton (Crypt:1)
  7 adders
  18 gnolls
  5 naga simulacra (IceCv)
  A shadow imp (D:8)
  11 white imps
  4 ufetubi
  An iguana skeleton (Crypt:1)
  A dart slug (D:2)
  4 ribbon worms
  99 orcs
  2 endoplasms
  A giant cockroach (D:1)
  6 goblins
  4 hobgoblins
  4 jackals (D:1)
  34 kobolds
  2 quokkas
  2 ball pythons
  5 bats
  A frilled lizard (D:1)
  An orc skeleton (Crypt:2)
  A quokka skeleton (Crypt:2)
  6 rats
1552 creatures vanquished.

Vanquished Creatures (others)
  A radroach (Spider:1)
  A manticore (D:12)
  2 humans (Lair:5)
  An orc (Orc:2)
  A kobold (D:10)
  4 tentacles (Shoals:4)
10 creatures vanquished.

Grand Total: 1562 creatures vanquished

Notes
Turn   | Place    | Note
-------+----------+-------------------------------------------
     0 | D:1      | Esekla the Barachi Necromancer began the quest for the Orb.
     0 | D:1      | Reached XP level 1. HP: 13/13 MP: 3/3
   234 | D:1      | Reached XP level 2. HP: 20/20 MP: 5/5
   885 | D:1      | Reached XP level 3. HP: 22/25 MP: 6/6
   889 | D:1      | Learned a level 3 spell: Vampiric Draining
  1476 | D:2      | Found a radiant altar of Vehumet.
  1489 | D:2      | Became a worshipper of Vehumet
  1520 | D:2      | HP: 1/25 [ribbon worm (7)]
  2032 | D:3      | Found an iron altar of Okawaru.
  2126 | D:3      | Reached skill level 1 in Fighting
  2126 | D:3      | Reached skill level 1 in Shields
  2126 | D:3      | Reached XP level 4. HP: 28/32 MP: 4/8
  2608 | D:3      | Reached skill level 3 in Spellcasting
  2758 | D:4      | Noticed a scorpion
  2836 | D:4      | Reached skill level 1 in Short Blades
  3062 | D:4      | Identified the ring of Springtime {Fly rElec rPois rC-}
  3259 | D:4      | Noticed a bullfrog
  3317 | D:4      | Killed a bullfrog
  3318 | D:4      | Reached XP level 5. HP: 17/38 MP: 0/9
  3417 | D:4      | Reached XP level 6. HP: 44/44 MP: 6/11
  3871 | D:5      | Entered Level 5 of the Dungeon
  3882 | D:5      | Noticed an ice beast
  4156 | D:5      | Found a blossoming altar of Fedhas.
  4236 | D:5      | Killed an ice beast
  4237 | D:5      | Reached skill level 4 in Spellcasting
  4237 | D:5      | Reached XP level 7. HP: 31/51 MP: 4/13
  4353 | D:5      | Noticed a yak
  4716 | D:5      | Reached * piety under Vehumet
  4716 | D:5      | Offered knowledge of Foxfire by Vehumet.
  4782 | D:5      | Killed a yak
  4783 | D:5      | Reached skill level 5 in Necromancy
  5114 | D:6      | Noticed Menkaure
  5255 | D:5      | Reached skill level 1 in Armour
  5716 | D:6      | Killed Menkaure
  5717 | D:6      | Reached skill level 5 in Spellcasting
  5717 | D:6      | Reached XP level 8. HP: 59/59 MP: 15/15
  5752 | D:6      | Found a staircase to the Ecumenical Temple.
  5762 | Temple   | Entered the Ecumenical Temple
  6542 | D:6      | Reached skill level 1 in Long Blades
  6542 | D:6      | Reached XP level 9. HP: 56/66 MP: 10/17
  6827 | D:6      | Reached skill level 5 in Fighting
  6827 | D:6      | Found a bloodstained altar of Trog.
  6829 | D:6      | Found a stormy altar of Qazlal.
  7122 | D:7      | Reached skill level 6 in Spellcasting
  7404 | D:7      | Noticed Joseph
  7470 | D:7      | Reached skill level 5 in Armour
  7473 | D:7      | Offered knowledge of Searing Ray by Vehumet.
  7475 | D:7      | Reached ** piety under Vehumet
  7490 | D:7      | Learned a level 2 spell: Searing Ray
  7825 | D:7      | Noticed a deep elf pyromancer
  7858 | D:7      | Killed a deep elf pyromancer
  7859 | D:7      | Reached skill level 1 in Conjurations
  8379 | D:8      | Reached XP level 10. HP: 44/76 MP: 5/19
  8623 | D:8      | Offered knowledge of Mephitic Cloud by Vehumet.
  8624 | D:8      | Reached skill level 5 in Shields
  8727 | D:8      | Learned a level 3 spell: Mephitic Cloud
  8728 | D:8      | Found Supifup's Hydra Hut.
  8732 | D:8      | Noticed a five-headed hydra
  8833 | D:8      | Found a staircase to the Lair.
  8969 | D:8      | Reached skill level 1 in Air Magic
  9002 | D:8      | Reached *** piety under Vehumet
  9010 | D:8      | Reached skill level 7 in Spellcasting
  9169 | D:8      | Reached skill level 1 in Alchemy
  9366 | D:8      | Bought a +2 falchion of flaming for 278 gold pieces
  9396 | D:9      | Found a snail-covered altar of Cheibriados.
  9564 | D:9      | Noticed a boulder beetle
  9599 | D:8      | Offered knowledge of Hailstorm by Vehumet.
  9770 | D:9      | Reached skill level 5 in Long Blades
  9770 | D:9      | Reached skill level 5 in Dodging
  9843 | D:9      | Killed a boulder beetle
  9844 | D:9      | Reached skill level 1 in Throwing
  9973 | D:9      | Found a basalt altar of Yredelemnul.
 10473 | D:9      | Found a shimmering altar of Xom.
 10551 | D:10     | Entered Level 10 of the Dungeon
 10584 | D:9      | Killed an unseen horror
 10673 | D:10     | Found a glowing golden altar of the Shining One.
 10868 | D:10     | Noticed Maurice
 10878 | D:10     | Killed Maurice
 10879 | D:10     | Reached skill level 8 in Spellcasting
 10879 | D:10     | Reached XP level 11. HP: 83/83 MP: 15/23
 10891 | D:10     | Noticed Snorg
 10898 | D:10     | Noticed Josephine
 11368 | D:10     | Killed Snorg
 11396 | D:10     | Reached **** piety under Vehumet
 11459 | D:10     | Offered knowledge of Stone Arrow by Vehumet.
 11504 | D:10     | Found a staircase to the Orcish Mines.
 11730 | D:10     | Killed Josephine
 12011 | D:10     | Identified the +1 scale mail "Kiasinwe" {rC+ Will+ Slay+3}
 12242 | Lair:1   | Entered Level 1 of the Lair of Beasts
 12606 | D:8      | Reached XP level 12. HP: 89/92 MP: 17/24
 12608 | D:8      | Reached skill level 10 in Armour
 12768 | D:8      | Reached ***** piety under Vehumet
 12769 | D:8      | Reached skill level 9 in Spellcasting
 12816 | D:8      | Offered knowledge of Yara's Violent Unravelling by Vehumet.
 14126 | Lair:2   | Noticed a skyshark
 14145 | Lair:2   | Killed a skyshark
 14185 | Lair:2   | Got the Grimoire of Enchanted Ice
 14190 | Lair:2   | Learned a level 3 spell: Ozocubu's Armour
 14414 | Lair:2   | Noticed Harold
 14431 | Lair:2   | Killed Harold
 14618 | Lair:2   | Upgraded the game from 0.31.0-10-gcf4a605ca0 to
                  | 0.31.0-11-ge490571c62
 14764 | Lair:2   | Reached skill level 1 in Ice Magic
 14929 | Lair:2   | Noticed a five-headed hydra
 14938 | Lair:2   | Killed a two-headed hydra
 15139 | Lair:2   | Noticed a skyshark
 15150 | Lair:2   | Killed a skyshark
 15151 | Lair:2   | Reached skill level 10 in Spellcasting
 15595 | Lair:3   | Found a hole to the Spider Nest.
 15818 | Lair:3   | Noticed a death yak
 15832 | Lair:3   | Noticed a six-headed hydra
 15832 | Lair:3   | Noticed a death yak
 15848 | Lair:3   | Killed a one-headed hydra
 15849 | Lair:3   | Gained mutation: You can hop long distances. [Barachi
                  | growth]
 15849 | Lair:3   | Reached XP level 13. HP: 82/101 MP: 25/27
 16123 | Lair:3   | Found a staircase to the Shoals.
 16630 | Lair:4   | Reached skill level 10 in Fighting
 16763 | Lair:4   | You fall into a shaft and drop 1 floor!
 16763 | Lair:5   | Entered Level 5 of the Lair of Beasts
 16965 | Lair:4   | Reached skill level 11 in Spellcasting
 17087 | Lair:4   | Found a staircase to the Slime Pits.
 17879 | Lair:4   | Reached skill level 10 in Long Blades
 17943 | Lair:5   | Found the necklace of Bloodlust {Fury *Rage Will++ Int-3
                  | Slay+6}
 18016 | Lair:5   | Offered knowledge of Orb of Destruction by Vehumet.
 18041 | Lair:4   | Learned a level 7 spell: Orb of Destruction
 18093 | Lair:4   | Reached skill level 5 in Ice Magic
 18111 | Lair:5   | Noticed Kirke
 18290 | Lair:4   | Killed Kirke
 18291 | Lair:4   | Reached XP level 14. HP: 45/111 MP: 24/29
 19344 | Lair:5   | Learned a level 4 spell: Olgreb's Toxic Radiance
 19445 | Lair:5   | Reached skill level 5 in Conjurations
 19453 | Lair:5   | Reached skill level 12 in Spellcasting
 20110 | Lair:5   | Identified the +1 morningstar "Ximod" {heavy, rPois rN+
                  | Str+2}
 20387 | Lair:5   | Learned a level 4 spell: Airstrike
 20657 | D:11     | Found a frozen archway.
 20722 | D:11     | Offered knowledge of Spellforged Servitor by Vehumet.
 20736 | IceCv    | Entered an ice cave
 21818 | IceCv    | Identified the scarf "Goidghiek" {shadows, rC+ rCorr Dex+4}
 22202 | D:11     | Reached XP level 15. HP: 118/118 MP: 31/31
 22677 | Orc:1    | Entered Level 1 of the Orcish Mines
 22681 | Orc:1    | Offered knowledge of Lee's Rapid Deconstruction by Vehumet.
 22695 | Orc:1    | Learned a level 5 spell: Lee's Rapid Deconstruction
 22869 | Orc:2    | Entered Level 2 of the Orcish Mines
 22976 | Orc:2    | Found a staircase to the Elven Halls.
 23566 | Orc:1    | Reached skill level 1 in Earth Magic
 23875 | Orc:2    | Offered knowledge of Irradiate by Vehumet.
 23883 | Orc:2    | Reached skill level 5 in Alchemy
 23933 | Orc:1    | Learned a level 5 spell: Irradiate
 24281 | Orc:2    | Reached ****** piety under Vehumet
 24285 | Orc:2    | Reached skill level 13 in Spellcasting
 24492 | Orc:2    | Found Etiuwn's Weapon Boutique.
 24494 | Orc:2    | Found Foze's Distillery.
 24494 | Orc:2    | Found Losemm's Jewellery Shop.
 24495 | Orc:2    | Found Ybram's Magic Scroll Boutique.
 24507 | Orc:2    | Bought a scroll of fear for 52 gold pieces
 24507 | Orc:2    | Bought a scroll of identify for 26 gold pieces
 24507 | Orc:2    | Bought a scroll of fog for 52 gold pieces
 24507 | Orc:2    | Bought a scroll of amnesia for 52 gold pieces
 24912 | D:12     | Offered knowledge of Eringya's Noxious Bog by Vehumet.
 25242 | D:12     | Reached skill level 15 in Armour
 25465 | Orc:2    | Bought the amulet of Gempur {RegenMP SInv} for 412 gold
                  | pieces
 25689 | Orc:2    | Bought 2 potions of heal wounds for 140 gold pieces
 25689 | Orc:2    | Bought a potion of mutation for 112 gold pieces
 26235 | D:7      | Killed Joseph
 26496 | D:13     | Reached skill level 5 in Stealth
 26802 | D:13     | Noticed Lodul
 26851 | D:13     | Killed Lodul
 26943 | D:13     | Reached XP level 16. HP: 122/127 MP: 33/33
 27079 | D:13     | Found a gate to the Vaults.
 27730 | D:14     | Found an ornate altar of the Wu Jian Council.
 28010 | D:14     | Offered knowledge of Ignition by Vehumet.
 28579 | D:15     | Entered Level 15 of the Dungeon
 28579 | D:15     | Found a broken altar of Ashenzari.
 29176 | D:15     | Found Jiuk's Jewellery Shoppe.
 29226 | D:15     | Found a radiant altar of Vehumet.
 29796 | D:15     | Found a staircase to the Depths.
 30061 | Spider:1 | Entered Level 1 of the Spider Nest
 31215 | Spider:2 | Noticed Arachne
 31237 | Spider:1 | Gained mutation: You occasionally lose the ability to read
                  | scrolls when taking damage. [mutagenic glow]
 31560 | Orc:2    | Lost mutation: You occasionally lose the ability to read
                  | scrolls when taking damage. [potion of mutation]
 31560 | Orc:2    | Gained mutation: Potions are less effective at restoring
                  | your health. [potion of mutation]
 31560 | Orc:2    | Gained mutation: You have hidden genetic potential. [potion
                  | of mutation]
 31988 | Spider:2 | Reached skill level 14 in Spellcasting
 32104 | Spider:1 | Learned a level 4 spell: Summon Lightning Spire
 32426 | Spider:1 | Killed Arachne
 32599 | Spider:2 | Reached skill level 1 in Summonings
 32633 | Spider:2 | Offered knowledge of Lehudib's Crystal Spear by Vehumet.
 32633 | Spider:2 | Offered knowledge of Fire Storm by Vehumet.
 32633 | Spider:2 | Offered knowledge of Shatter by Vehumet.
 32682 | Spider:2 | Identified the +2 quarterstaff "Uwiroc" {heavy, rN+ rCorr
                  | Str+4}
 32700 | Spider:2 | Reached XP level 17. HP: 84/136 MP: 32/35
 32711 | Spider:2 | Reached skill level 5 in Earth Magic
 34671 | Spider:4 | Entered Level 4 of the Spider Nest
 35274 | Spider:4 | Found a runed translucent gate.
 35275 | Spider:4 | Found a runed translucent gate.
 35347 | Spider:4 | Found a runed translucent gate.
 35425 | Spider:4 | Gained mutation: You are partially covered in large bone
                  | plates. (SH +4) [hidden potential]
 35487 | Spider:4 | Learned a level 4 spell: Sticky Flame
 35588 | Spider:4 | Reached skill level 15 in Spellcasting
 35688 | Spider:4 | Reached skill level 1 in Fire Magic
 35775 | Spider:4 | Reached skill level 10 in Ice Magic
 35851 | Spider:4 | Got a gossamer rune of Zot
 35914 | Spider:4 | Noticed jestert79's ghost (adept DsMo)
 36247 | Shoals:1 | Entered Level 1 of the Shoals
 36259 | Lair:3   | Learned a level 7 spell: Ozocubu's Refrigeration
 36581 | Shoals:1 | Reached XP level 18. HP: 107/145 MP: 3/37
 36775 | Shoals:1 | Noticed Mlioglotl
 36932 | Lair:3   | Killed Mlioglotl
 37993 | Shoals:2 | Noticed rutigerpupkin's ghost (adept GrEE)
 38153 | Shoals:2 | Found a transporter.
 38173 | Shoals:2 | Found a transporter.
 38383 | Shoals:2 | Identified the +1 robe "Dummizxi" {-Tele Regen+ Int+6
                  | Slay+2}
 38796 | Shoals:2 | Killed rutigerpupkin's ghost
 38842 | Shoals:2 | Identified the +2 pair of gloves of Zocwat {rN+ Regen+
                  | Stlth+}
 39221 | Shoals:3 | Noticed Jorgrun
 39296 | Shoals:3 | Killed Jorgrun
 39578 | Shoals:4 | Entered Level 4 of the Shoals
 39918 | Shoals:4 | Paralysed by a formless jellyfish for 1 turns
 39927 | Shoals:4 | Paralysed by a formless jellyfish for 1 turns
 40004 | Shoals:4 | Found the +11 plutonium sword {^Contam Stlth-}
 40008 | Shoals:4 | Gained mutation: Your spells are a little harder to cast,
                  | but a little more powerful. [hidden potential]
 40008 | Shoals:4 | Lost mutation: You have hidden genetic potential. [hidden
                  | potential expressed]
 40085 | Shoals:4 | Got a barnacled rune of Zot
 40502 | Shoals:4 | Reached skill level 10 in Shields
 40721 | Shoals:4 | Reached skill level 16 in Spellcasting
 41137 | Shoals:4 | Identified the +9 long sword of Neoqatit {protect, rPois
                  | rC+}
 41649 | Vaults:1 | Entered Level 1 of the Vaults
 41806 | Vaults:1 | Reached XP level 19. HP: 144/153 MP: 24/39
 42022 | Vaults:1 | Identified a scroll of acquirement
 42069 | Vaults:1 | Reached skill level 10 in Conjurations
 42082 | Vaults:1 | Reached skill level 5 in Fire Magic
 42378 | Vaults:1 | Found Qechotymp's Book Emporium.
 42445 | Vaults:1 | Bought a book of Vapours for 390 gold pieces
 42445 | Vaults:1 | Bought an Everburning Encyclopedia for 570 gold pieces
 42450 | Vaults:1 | Learned a level 4 spell: Ignite Poison
 42457 | Vaults:1 | Learned a level 5 spell: Freezing Cloud
 42796 | Vaults:1 | Reached skill level 5 in Air Magic
 42838 | Vaults:1 | Found a large runed translucent door.
 42838 | Vaults:1 | Found a large runed translucent door.
 42838 | Vaults:1 | Noticed Synox's ghost (legendary FoFi)
 43464 | Vaults:1 | Acquired the +3 warlock's mirror {omnireflect}
 43464 | Vaults:1 | Found the +3 warlock's mirror {omnireflect}
 43704 | Vaults:2 | Reached skill level 17 in Spellcasting
 44440 | Vaults:2 | Reached XP level 20. HP: 148/161 MP: 30/41
 44446 | Vaults:2 | Reached skill level 15 in Fighting
 44633 | Vaults:2 | Noticed Norris
 44835 | Vaults:1 | Bought a book of Dreams for 360 gold pieces
 44839 | Vaults:1 | Learned a level 3 spell: Fugue of the Fallen
 44912 | Vaults:2 | Killed Norris
 45714 | Vaults:3 | Found a staircase to the Crypt.
 46162 | Vaults:3 | Reached skill level 18 in Spellcasting
 46605 | Vaults:3 | Learned a level 4 spell: Dispel Undead
 47684 | Vaults:4 | Reached XP level 21. HP: 136/169 MP: 31/43
 48320 | Vaults:4 | Acquired Esekla's Compilation of Ectoplasm and the Iceberg
 48908 | Crypt:1  | Entered Level 1 of the Crypt
 49246 | Crypt:1  | Reached skill level 19 in Spellcasting
 49246 | Crypt:1  | Reached skill level 10 in Earth Magic
 50840 | Crypt:2  | Reached skill level 10 in Alchemy
 50868 | Crypt:2  | Noticed Saint Roka
 50881 | Crypt:2  | Killed Saint Roka
 51040 | Crypt:2  | Noticed Margery
 51069 | Crypt:2  | Killed from afar by Margery

Illustrated notes

Levels and vault maps discovered:
D:1:      tarquinn_simple_flora_water_a, layout_loops_corners, nrook_uturn,
          minmay_misc_feat_five, st_stairs_10, minmay_hedge_maze,
          chequers_serial_rivers_marsh, minmay_misc_feat_four_crosses
D:2:      layout_loops_cross, basic_altar
D:3:      layout_basic, okawaru_metal_pillars_1_2
D:4:      wander_river, layout_basic
D:5:      layout_basic, fedhas_ov_isle_minmay, minmay_manual_mail
D:6:      layout_loops_ring, gammafunk_temple_overflow_statue,
          minmay_temple_entry_waves, uniq_menkaure
D:7:      layout_loops_corners, minivault_4, minmay_misc_feat_enclosed,
          blue_anna_alchemist, uniq_joseph
D:8:      layout_loops_ring, lair_entry_dummy, doesnt_shop_hydraphobe
D:9:      layout_loops_ring, slow_altar_1, lemuel_round_altar,
          mainiacjoe_overflow_alcove_1
D:10:     layout_long_grid, mainiacjoe_overflow_boulevard, erik_orc_3,
          abandoned_shop, uniq_snorg, uniq_maurice, uniq_josephine
D:11:     layout_small_grid, portal_ice_cave_rime, small_chamber_with_monster,
          st_stairs_3
D:12:     layout_loops_ring, serial_library_hellmonk_big_corner
D:13:     layout_basic, david_vaults_5, uniq_lodul
D:14:     minmay_mutant_horseshoe, layout_irregular_city,
          nzn_wu_jian_contemplation, dreamdust_looks_like_rain
D:15:     grunt_enter_depths_hoard, layout_irregular_city,
          cheibrodos_ashenzari_chains, serial_shops,
          nicolae_shop_temple_entry_statues_fountains, serial_glass,
          glass_columns_a, glass_columns_a, due_unseen_surprise,
          item_on_display_a, vehumet_statue
Temple:   eino_temple_water
Lair:1:   layout_loops_ring, minmay_holes, chequers_serial_rivers_room_b,
          lemuel_fruit_tree, serial_bayou_shore_a, grunt_megastairs_4
Lair:2:   layout_concentric_octagons, uniq_harold
Lair:3:   layout_big_grid, minmay_shoals_entry_hut, spider_nest_entry_rubble,
          minmay_shattered_shrine
Lair:4:   layout_gridlike, nicolae_slime_entry_field_trip
Lair:5:   minmay_lair_end_frog_pond, layout_long_grid, uniq_kirke
Shoals:1: layout_shoals, uniq_mlioglotl
Shoals:2: layout_shoals, gammafunk_ghost_berserking_beasts
Shoals:3: layout_shoals, uniq_jorgrun
Shoals:4: shoals_end_grunt_ice, layout_shoals
Spider:1: layout_chambers, hangedman_spider_mandibles,
          nicolae_spider_webbed_stairs
Spider:2: layout_spider_delve, special_room [special_room_bee],
          hangedman_spider_trapstep, uniq_arachne
Spider:3: layout_chambers, hangedman_spider_tarantella_strand
Spider:4: hellmonk_spider_rune_endless_swarm, ebering_ghost_rock_garden
Orc:1:    layout_diamond_mine, elves_outpost_lemuel
Orc:2:    st_orc_pillars, layout_caves
Vaults:1: advil_vaults_ghost_guards, vaults_room_pool, v_rooms_1,
          ontoclasm_vaults_tryst, nicolae_vaults_big_angled_halls,
          nicolae_vaults_lopsided_apartments, nicolae_vaults_closet_pinwheel_3,
          v_rooms_4, hangedman_vaults_nodes, nicolae_vaults_turnstiles,
          vaults_room_door_ring, v_misc_29, nicolae_vaults_tetromino_L_2,
          layout_vaults_omnibox, serial_shops, nicolae_book_shop_shelving
Vaults:2: v_pattern_4, v_misc_8, ontoclasm_vaults_hangar,
          vaults_standard_mumra_x, nicolae_vaults_more_shelving_2,
          hangedman_vaults_capsules, nicolae_vaults_stepped_doors,
          nicolae_vaults_trapezoid_4, nicolae_vaults_heart-shaped_vault,
          nicolae_vaults_apartment_1, nicolae_vaults_variable_pillar_hall,
          vaults_dpeg_ring, vaults_dpeg_emergency_exit, vaults_dpeg_hooks,
          layout_vaults_big_room, uniq_norris
Vaults:3: v_misc_12, nicolae_vaults_know_your_exits, blue_anna_dwarven_crypt,
          nicolae_vaults_closet_pinwheel_5, v_misc_8,
          nicolae_vaults_little_squares_5, nicolae_vaults_little_squares_5,
          ontoclasm_vaults_decontamination, nicolae_vaults_closet_pinwheel_3,
          layout_vaults_quadrants
Vaults:4: hangedman_vaults_nails, nicolae_vaults_holding_cells,
          vaults_room_boxed, nicolae_vaults_trapezoid_lopsided_3,
          nicolae_vaults_little_squares_4, v_rooms_6,
          nicolae_vaults_lightning_bolt, v_rooms_5,
          nicolae_vaults_network_quinsquares
          [nicolae_vaults_network_quincunx_subvault,
          nicolae_vaults_network_quincunx_subvault,
          nicolae_vaults_network_quincunx_subvault,
          nicolae_vaults_network_quincunx_subvault], vaults_dpeg_encased_lava,
          v_misc_30, layout_vaults_omnicross
Crypt:1:  layout_misc_corridors, grunt_crypt_arrival_webbed, grunt_megastairs_2
Crypt:2:  layout_chaotic_city, lemuel_upstairs_altar, uniq_margery,
          uniq_saint_roka

Skill      XL: |  1  2  3  4  5  6  7  8  9 10 11 12 13 14 15 16 17 18 19 20 21 |
---------------+----------------------------------------------------------------+-----
Necromancy     | 4 5 6 7 8 |  8.6
Fighting       | 1 2 3 4 5 6 7 9 10 11 12 13 14 15 16 | 16.2
Stealth        | 2 3 4 5 6 |  6.9
Shields        | 1 2 3 4 5 6 7 8 9 10 11 | 11.3
Spellcasting   | 3 4 5 6 8 10 11 12 13 14 15 16 17 18 19 | 19.6
Short Blades   | 1 2 3 4 |  4.5
Dodging        | 3 4 5 6 7 8 9 |  9.8
Armour         | 1 4 6 8 9 11 13 14 15 | 15.9
Long Blades    | 1 4 5 7 9 10 11 12 13 | 13.8
Conjurations   | 2 3 4 6 7 8 9 10 11 | 11.3
Air Magic      | 2 3 4 5 |  5.4
Alchemy        | 2 3 4 5 6 7 8 9 10 | 10.0
Throwing       | 1 2 3 |  3.5
Ice Magic      | 2 5 7 8 10 11 12 13 | 13.0
Earth Magic    | 3 4 6 7 8 9 10 | 10.5
Summonings     | 1 3 |  3.1
Fire Magic     | 1 4 5 6 7 |  7.1
Polearms       | |  0.2
Evocations     | |  0.2

Action                     |  1- 3 |  4- 6 |  7- 9 | 10-12 | 13-15 | 16-18 | 19-21 || total
---------------------------+-------+-------+-------+-------+-------+-------+-------++-------
  Melee: Spear             |    50 |       |       |       |       |       |       ||    50
         Dagger            |   138 |   126 |   139 |    91 |   162 |   205 |   126 ||   987
         Punch             |     1 |       |       |       |       |       |       ||     1
         Long sword        |       |       |   176 |    20 |    25 |    29 |   552 ||   802
         Scimitar          |       |       |       |    19 |   251 |   403 |     1 ||   674
         Falchion          |       |       |       |   266 |   742 |   308 |       ||  1316
         Trident           |       |       |       |       |     1 |       |       ||     1
  Throw: Boomerang         |       |       |    10 |     2 |    10 |     8 |    25 ||    55
         Dart              |       |       |       |    19 |    48 |    22 |     8 ||    97
         Javelin           |       |       |       |       |     1 |       |       ||     1
   Cast: Vampiric Draining |     6 |    18 |    40 |    44 |    54 |    20 |    21 ||   203
         Searing Ray       |       |       |     1 |    82 |    86 |    32 |     7 ||   208
         Mephitic Cloud    |       |       |       |    27 |    61 |    66 |    66 ||   220
         Ozocubu's Armour  |       |       |       |    11 |    97 |    98 |    59 ||   265
         Olgreb's Toxic Ra |       |       |       |       |    51 |   134 |    67 ||   252
         Irradiate         |       |       |       |       |    12 |    53 |    17 ||    82
         Airstrike         |       |       |       |       |     2 |    42 |     1 ||    45
         Lee's Rapid Decon |       |       |       |       |     2 |     5 |     2 ||     9
         Summon Lightning  |       |       |       |       |       |     2 |       ||     2
         Sticky Flame      |       |       |       |       |       |    21 |   102 ||   123
         Ozocubu's Refrige |       |       |       |       |       |    24 |     3 ||    27
         Ignite Poison     |       |       |       |       |       |       |    68 ||    68
         Freezing Cloud    |       |       |       |       |       |       |    10 ||    10
         Fugue of the Fall |       |       |       |       |       |       |     8 ||     8
         Dispel Undead     |       |       |       |       |       |       |    60 ||    60
Ability: Hop               |     4 |     2 |     1 |     7 |     4 |     1 |       ||    19
  Evoke: Wand              |       |       |     2 |       |     1 |     1 |     1 ||     5
    Use: Scroll            |     1 |     3 |     6 |     7 |     9 |    10 |     6 ||    42
         Potion            |     1 |       |     1 |     1 |     5 |    10 |     3 ||    21
   Stab: Sleeping          |     4 |     2 |     3 |     8 |    13 |    22 |    28 ||    80
         Confused          |       |       |       |    16 |    41 |    38 |    20 ||   115
         Distracted        |       |       |       |       |     1 |     1 |     2 ||     4
 Armour: Robe              |   107 |    67 |   110 |       |       |       |       ||   284
         Ring mail         |       |       |    77 |   111 |       |       |       ||   188
         Troll leather arm |       |       |       |   244 |   728 |   845 |   628 ||  2445
         Scale mail        |       |       |       |       |    88 |    20 |       ||   108
  Dodge: Dodged            |   117 |    69 |   157 |   255 |   686 |   608 |   371 ||  2263
  Block: Buckler           |     5 |    20 |   174 |   342 |   702 |   518 |   686 ||  2447
         Reflection        |       |       |     5 |    10 |    13 |    20 |    44 ||    92
